 Dungeon Crawl Stone Soup version 0.23.2-40-g277498a001 (webtiles) character file.

Game seed: 11692566594489191288

1242263 Amplified the Conqueror (level 27, -9/267 (273) HPs)
             Began as a Demonspawn Berserker on Sept 5, 2019.
             Was the Champion of Makhleb.
             Blown up by a cacodemon (32 damage)
             ... with a bolt of energy
             ... in Pandemonium on Sept 6, 2019.
             The game lasted 03:19:31 (95287 turns).

Amplified the Conqueror (Demonspawn Berserker)     Turns: 95287, Time: 03:19:32

HP:   -9/267 (273)  AC: 53    Str: 26    XL:     27
MP:   17/54         EV: 18    Int: 26    God:    Makhleb [******]
Gold: 6428          SH: 17    Dex: 18    Spells: 17/80 levels left

rFire    + + .     SeeInvis +   o - +10 broad axe of a Gauntlet {flame, +Blink rElec rF+ Stlth-}
rCold    + + .     Gourm    .   O - +2 shield {rN+}
rNeg     + + .     Faith    .   F - +8 orange crystal plate armour {Archmagi, Int+3 Clar}
rPois    +         Spirit   .   (helmet unavailable)
rElec    +         Reflect  .   a - +0 cloak of the Comet {rPois MR+ Int+4}
rCorr    +         Harm     .   r - +2 pair of gloves of the Catamount {rElec MR+ Slay+2}
MR       ++++.     Clarity  +   l - +2 pair of boots Stlth +.........Rnd*Tele +
                                Q - amulet of Midwinter {Acrobat rF+ Str+3}
HPRegen  0.54/turn              R - ring "Haime Cyu" {rCorr Dex+4 SInv}
MPRegen  0.34/turn              S - ring "Saydat" {rPois rC++ Int+2 SInv Stlth-}

@: lethally poisoned (-9 -> -10), weakened, very slightly contaminated, studying
Air Magic, invisible
A: horns 3, thin metallic scales 3, blurry vision 1, clever 1, negative energy
resistance 1, nightstalker 3, robust 1, screaming 1, spiny 3, 50% torment
resistance, teleportitis 1, black mark, subdued magic 2
}: 11/15 runes: barnacled, slimy, silver, iron, obsidian, icy, bone, abyssal,
glowing, dark, gossamer
a: Minor Destruction, Lesser Servant of Makhleb, Major Destruction, Greater
Servant of Makhleb, Renounce Religion, Evoke Blink


You were in Pandemonium.
You worshipped Makhleb.
Makhleb was exalted by your worship.
You were not hungry.

You visited 17 branches of the dungeon, and saw 86 of its levels.
You visited Pandemonium 1 time, and saw 14 of its levels.
You visited the Abyss 2 times.
You also visited: Sewer, Bailey, Ice Cave and Volcano.

You collected 13782 gold pieces.
You spent 7354 gold pieces at shops.

Inventory:

Hand Weapons
 e - the +3 broad axe "Gebur" {chop, rElec rN+++ MR- Str+2}
   (Trog gifted it to you on level 3 of the Vaults)

   It inflicts extra damage upon your enemies.
   It affects your strength (+2).
   It insulates you from electricity.
   It renders you almost immune to negative energy.
   It affects your resistance to hostile enchantments.
 o - the +10 broad axe of a Gauntlet (weapon) {flame, +Blink rElec rF+ Stlth-}
   (Trog gifted it to you on level 1 of the Elven Halls)

   It has been specially enchanted to burn those struck by it, causing extra
   injury to most foes and up to half again as much damage against particularly
   susceptible opponents.
   Big, fiery blades are also staple armaments of hydra-hunters.
   It protects you from fire.
   It insulates you from electricity.
   It lets you blink.
   It makes you less stealthy.
 E - the +12 battleaxe of Pyromania {chop, MR+ Int+4 SInv}
   (Trog gifted it to you on level 14 of the Dungeon)

   It inflicts extra damage upon your enemies.
   It affects your intelligence (+4).
   It affects your resistance to hostile enchantments.
   It lets you see invisible.
 L - a +8 executioner's axe of venom
Missiles
 D - 4 throwing nets (quivered)
Armour
 a - the +0 cloak of the Comet (worn) {rPois MR+ Int+4}
   (You found it on level 2 of the Elven Halls)

   It affects your intelligence (+4).
   It protects you from poison.
   It affects your resistance to hostile enchantments.
 h - a +1 large shield of positive energy
 l - a +2 pair of boots (worn)
 r - the +2 pair of gloves of the Catamount (worn) {rElec MR+ Slay+2}
   (You found it on level 5 of the Pits of Slime)

   It affects your accuracy and damage with ranged weapons and melee attacks
   (+2).
   It insulates you from electricity.
   It affects your resistance to hostile enchantments.
 F - the +8 orange crystal plate armour (worn) {Archmagi, Int+3 Clar}
   (You found it on level 8 of the Dungeon)

   It affects your intelligence (+3).
   It protects you against confusion.
 O - a +2 shield of positive energy (worn)
 P - a +5 shield of reflection
Jewellery
 f - the ring "Zafopp" {Wiz rF+ Int+2}
   (You found it on level 7 of Tartarus)

   [ring of wizardry]

   It improves your spell success rate.
   It affects your intelligence (+2).
   It protects you from fire.
 M - the ring of Pamis {rPois rF+ rC+ Str-2 Stlth+}
   (You bought it in a shop on level 5 of the Depths)

   [ring of protection from cold]

   It affects your strength (-2).
   It protects you from fire.
   It protects you from cold.
   It protects you from poison.
   It makes you more stealthy.
 Q - the amulet of Midwinter (around neck) {Acrobat rF+ Str+3}
   (You found it on level 5 of the Pits of Slime)

   [amulet of the acrobat]

   It helps you evade while moving and waiting.
   It affects your strength (+3).
   It protects you from fire.
 R - the ring "Haime Cyu" (left hand) {rCorr Dex+4 SInv}
   (You found it on level 5 of the Vaults)

   [ring of resist corrosion]

   It affects your dexterity (+4).
   It lets you see invisible.
 S - the ring "Saydat" (right hand) {rPois rC++ Int+2 SInv Stlth-}
   (You took it off a merfolk on level 2 of the Lair of Beasts)

   [ring of attention]

   It affects your intelligence (+2).
   It greatly protects you from cold.
   It protects you from poison.
   It lets you see invisible.
   It makes you less stealthy.
 W - the ring "Eziono" {rF++ Str+5 Int+4}
   (You found it in Pandemonium)

   [ring of strength]

   It affects your strength (+5).
   It affects your intelligence (+4).
   It greatly protects you from fire.
 X - the macabre finger necklace {rN+}
   (You found it on level 4 of the Spider Nest)

   [amulet of nothing]

   It protects you from negative energy.
 Y - the ring of the Forsaken Yaks {rElec rC++ MR+ MP+9 Int-3}
   (You took it off a deep elf elementalist on level 3 of the Elven Halls)

   [ring of protection from magic]

   It affects your intelligence (-3).
   It greatly protects you from cold.
   It insulates you from electricity.
   It affects your resistance to hostile enchantments.
   It affects your magic capacity (+9).
Wands
 g - a wand of disintegration (32)
 m - a wand of scattershot (8)
 w - a wand of paralysis (52)
 y - a wand of digging (11)
 z - a wand of clouds (10)
 J - a wand of acid (63)
Scrolls
 d - 32 scrolls of teleportation
 i - 9 scrolls of blinking
 t - a scroll of summoning
 u - 22 scrolls of remove curse
 C - 2 scrolls of amnesia
 G - 16 scrolls of fear
 I - a scroll of enchant armour
 K - 8 scrolls of fog
 T - 3 scrolls of magic mapping
 V - 6 scrolls of silence
 Z - 3 scrolls of identify
Potions
 j - 3 potions of haste
 k - 25 potions of curing
 n - 5 potions of ambrosia
 q - 3 potions of brilliance
 s - 6 potions of resistance
 v - a potion of mutation
 x - 10 potions of flight
 B - 8 potions of magic
 N - a potion of invisibility
Books
 b - a manual of Air Magic
Miscellaneous
 p - a phial of floods
 A - a lamp of fire
 U - 4 phantom mirrors
Comestibles
 c - 34 rations


   Skills:
 O Level 27 Fighting
 - Level 20.1(20.2) Axes
   Level 3.3(14.0) Maces & Flails
 - Level 16.4 Throwing
 * Level 26.3 Armour
 - Level 18.2 Dodging
 - Level 17.8 Stealth
 - Level 15.7 Shields
 O Level 27 Spellcasting
 - Level 13.8 Conjurations
 - Level 6.3 Hexes
 - Level 13.9 Charms
 - Level 12.1 Necromancy
 - Level 18.2 Translocations
 - Level 3.4 Transmutations
 - Level 16.3 Air Magic
 - Level 12.8 Earth Magic
 - Level 11.8 Invocations


You had 17 spell levels left.
You knew the following spells:

 Your Spells              Type           Power        Failure   Level  Hunger
a - Necromutation         Tmut/Necr      ######....   100%        8    ####...
b - Blink                 Tloc           N/A          0%          2    None
c - Passwall              Tmut/Erth      ######..     1%          2    None
d - Spectral Weapon       Hex/Chrm       ######..     1%          3    None
e - Dispel Undead         Necr           #######.     1%          5    None
f - Deflect Missiles      Chrm/Air       #######...   1%          6    None
g - Iron Shot             Conj/Erth      #######...   1%          6    None
h - Borgnjor's Vile Clut  Necr/Erth      #######...   1%          5    None
i - Controlled Blink      Tloc           N/A          14%         8    ####...
j - Tornado               Air            #######...   99%         9    #####..
k - Fire Storm            Conj/Fire      ######....   100%        9    #####..

Your spell library contained the following spells:

 Spells                   Type           Power        Failure   Level  Hunger
 Animate Skeleton         Necr           N/A          0%          1    None
 Infusion                 Chrm           ####         0%          1    None
 Magic Dart               Conj           ####         0%          1    None
 Pain                     Necr           ####         0%          1    None
 Sandblast                Erth           ######       0%          1    None
 Shock                    Conj/Air       ####         0%          1    None
 Corpse Rot               Necr           N/A          0%          2    None
 Searing Ray              Conj           ######       0%          2    None
 Shroud of Golubria       Chrm/Tloc      #######...   0%          2    None
 Song of Slaying          Chrm           #######.     0%          2    None
 Sublimation of Blood     Necr           #######...   0%          2    None
 Swiftness                Chrm/Air       #######.     0%          2    None
 Gell's Gravitas          Tloc           #######...   0%          3    None
 Lesser Beckoning         Tloc           #######...   0%          3    None
 Static Discharge         Conj/Air       #######.     0%          3    None
 Stone Arrow              Conj/Erth      ######       0%          3    None
 Teleport Other           Tloc           #######.     0%          3    None
 Airstrike                Air            #######...   0%          4    None
 Passage of Golubria      Tloc           N/A          0%          4    None
 Corona                   Hex            ######.      1%          1    None
 Flame Tongue             Conj/Fire      #####        1%          1    None
 Sting                    Conj/Pois      ####         1%          1    None
 Poisonous Vapours        Pois/Air       ######       1%          2    None
 Slow                     Hex            ######..     1%          2    None
 Sticks to Snakes         Tmut           #####...     1%          2    None
 Throw Flame              Conj/Fire      ######       1%          2    None
 Throw Frost              Conj/Ice       ######       1%          2    None
 Confuse                  Hex            ######..     1%          3    None
 Conjure Flame            Conj/Fire      ######..     1%          3    None
 Dazzling Spray           Conj/Hex       ######       1%          3    None
 Mephitic Cloud           Conj/Pois/Air  ######..     1%          3    None
 Ozocubu's Armour         Chrm/Ice       ######..     1%          3    None
 Portal Projectile        Hex/Tloc       ######       1%          3    None
 Recall                   Summ/Tloc      N/A          1%          3    None
 Regeneration             Chrm/Necr      #######...   1%          3    None
 Vampiric Draining        Necr           #######...   1%          3    None
 Animate Dead             Necr           N/A          1%          4    None
 Force Lance              Conj/Tloc      #######.     1%          4    None
 Fulminant Prism          Conj/Hex       ######....   1%          4    None
 Iskenderun's Mystic Bla  Conj           #######.     1%          4    None
 Leda's Liquefaction      Hex/Erth       ######....   1%          4    None
 Petrify                  Tmut/Erth      ######..     1%          4    None
 Sticky Flame             Conj/Fire      ######..     1%          4    None
 Summon Lightning Spire   Summ/Air       ######..     1%          4    None
 Throw Icicle             Conj/Ice       ######..     1%          4    None
 Agony                    Necr           #######.     1%          5    None
 Bolt of Draining         Conj/Necr      #######...   1%          5    None
 Excruciating Wounds      Chrm/Necr      #######...   1%          5    None
 Iskenderun's Battlesphe  Conj/Chrm      #######.     1%          5    None
 Lee's Rapid Deconstruct  Erth           #######...   1%          5    None
 Lightning Bolt           Conj/Air       #######...   1%          5    None
 Silence                  Hex/Air        ######....   1%          5    None
 Summon Forest            Summ/Tloc      ######....   1%          5    None
 Conjure Ball Lightning   Conj/Air       #######...   1%          6    None
 Dispersal                Tloc           #######...   1%          6    None
 Inner Flame              Hex/Fire       #####...     2%          3    None
 Summon Guardian Golem    Hex/Summ       #####...     2%          3    None
 Cause Fear               Hex            ######....   2%          4    None
 Bolt of Magma            Conj/Fire/Erth ######....   2%          5    None
 Irradiate                Conj/Tmut      ######....   2%          5    None
 Freeze                   Ice            ####         3%          1    None
 Summon Butterflies       Summ           ####....     3%          1    None
 Summon Small Mammal      Summ           ####         3%          1    None
 Death Channel            Necr           #######...   3%          6    None
 Call Imp                 Summ           ####....     5%          2    None
 Spider Form              Tmut/Pois      #####.....   5%          3    None
 Fireball                 Conj/Fire      ######....   6%          5    None
 Venom Bolt               Conj/Pois      ######....   6%          5    None
 Ignite Poison            Fire/Tmut/Pois #####...     7%          3    None
 Freezing Cloud           Conj/Ice/Air   ######....   10%         6    None
 Call Canine Familiar     Summ           ####....     12%         3    None
 Orb of Destruction       Conj           #######...   12%         7    None
 Disjunction              Tloc           #######...   14%         8    ####...
 Yara's Violent Unravell  Hex/Tmut       ######....   16%         5    None
 Ice Form                 Ice/Tmut       #####...     21%         4    None
 Statue Form              Tmut/Erth      ######...    22%         6    None
 Metabolic Englaciation   Hex/Ice        #####.....   32%         5    None
 Summon Mana Viper        Hex/Summ       #####...     32%         5    None
 Bolt of Cold             Conj/Ice       ######....   36%         6    None
 Bolt of Fire             Conj/Fire      ######....   36%         6    None
 Poison Arrow             Conj/Pois      ######....   36%         6    None
 Olgreb's Toxic Radiance  Pois           ####....     41%         4    None
 Summon Ice Beast         Ice/Summ       ####....     41%         4    None
 Darkness                 Hex            ######....   45%         6    None
 Invisibility             Hex            ######..     45%         6    None
 Simulacrum               Ice/Necr       ######....   50%         6    None
 Alistair's Intoxication  Tmut/Pois      #####...     52%         5    None
 Chain Lightning          Conj/Air       #######...   52%         8    ####...
 Malign Gateway           Summ/Tloc      ######....   67%         7    None
 Aura of Abjuration       Summ           ####......   77%         5    None
 Summon Demon             Summ           ####......   77%         5    None
 Lehudib's Crystal Spear  Conj/Erth      #######...   77%         8    ####...
 Death's Door             Chrm/Necr      #######...   82%         8    ####...
 Hydra Form               Tmut           #####.....   87%         6    None
 Borgnjor's Revivificati  Necr           #######...   91%         8    ####...
 Infestation              Necr           #######...   91%         8    ####...
 Ring of Flames           Chrm/Fire      ######....   92%         7    None
 Spellforged Servitor     Conj/Summ      ######....   93%         7    None
 Haunt                    Necr/Summ      ######....   98%         7    None
 Shadow Creatures         Summ           N/A          100%        6    None
 Dragon Form              Tmut           #####.....   100%        7    None
 Summon Hydra             Summ           ####......   100%        7    None
 Discord                  Hex            ######....   100%        8    ####...
 Ignition                 Fire           ####......   100%        8    ####...
 Glaciate                 Conj/Ice       ######....   100%        9    #####..
 Shatter                  Erth           #######...   100%        9    #####..


Dungeon Overview and Level Annotations

Branches:
Dungeon (15/15)            Temple (1/1) D:6            Lair (6/6) D:8
 Shoals (4/4) Lair:2       Spider (4/4) Lair:4        Slime (5/5) Lair:5
    Orc (2/2) D:12            Elf (3/3) Orc:2        Vaults (5/5) D:13
  Crypt (3/3) Vaults:2       Tomb (0/3) Crypt:3      Depths (5/5) D:15
   Hell (1/1)                 Dis (7/7) Hell            Geh (7/7) Hell
    Coc (7/7) Hell            Tar (7/7) Hell            Zot (5/5) Depths:5

Altars:
Ashenzari
Cheibriados
Dithmenos
Elyvilon
Fedhas
Gozag
Hepliaklqana
Kikubaaqudgha
Makhleb
Nemelex Xobeh
Okawaru
Qazlal
Ru
Sif Muna
Trog
Uskayaw
Vehumet
Wu Jian
Xom
Yredelemnul
Zin
The Shining One
Beogh
Jiyva

Shops:
D:5 ?   D:10 [   D:11 :   D:12 (   D:14 *   Orc:1 (   Orc:2 =:[!*   Elf:2 *
Elf:3 :(   Depths:2 *   Depths:5 =}=

Portals:
Hell: Depths:1 Depths:2 Depths:3 Depths:4 Depths:5
Abyss: Depths:1 Depths:4
Pandemonium: Depths:2 Depths:3
Ziggurat: Depths:4

Annotations:
Lair:5 exclusion: oklob plant
Orc:2 Good god. The misery.
Elf:2 3 runed translucent doors
Zot:4 Get ultraspells online and reach for megazig.


Innate Abilities, Weirdness & Mutations

You have a pair of large horns on your head.
You are completely covered in thin metallic scales. (AC +4, rElec)
You resist negative energy. (rN+)
You are completely attuned to the shadows.
You are completely covered in sharp spines.
You are somewhat able to resist unholy torments (1 in 2 success).
Your melee attacks may debilitate your foes.
Scrolls take you a little longer to read.
Your mind is acute. (Int +2)
You are robust. (+10% HP)
You occasionally shout uncontrollably at your foes.
You are occasionally teleported next to monsters.
Your spells are easier to cast, but less powerful.


Message History

You slash the cacodemon! You burn the cacodemon. You headbutt the cacodemon!
The cacodemon is almost dead.
You slice the cacodemon!! You burn the cacodemon.
You closely miss the cacodemon.
You feel sick. You block the cacodemon's attack. The cacodemon hits you!
* * * LOW HITPOINT WARNING * * *
You block the cacodemon's attack. x2
Unknown command.
Unknown command.
You hit the cacodemon. You burn the cacodemon.
The cacodemon is almost dead.
You hit the cacodemon. You burn the cacodemon. You hit the cacodemon.
You burn the cacodemon.
The cacodemon's magic leaks into the air.
You feel sick.
The orange demon is no longer absorbing vital energies.
You block the cacodemon's attack. x2
The cacodemon gestures at you. The bolt of energy hits you!!
You die...

, , , , , , ,
** *, , , * ,
,+...+ , ** ,#
##...## **,
..##.#.....# ,
, ....#4.66..##
,....'4)44..4#,
....##422..##*
, ,.... #.2@..#
.... ##...##
.^.. #...#
##.## * #.# ###


You could see 3 cacodemons, 2 demonspawn, 4 orange demons, a chaos spawn and a
red devil.

Vanquished Creatures
  Antaeus (Coc:7)
  the Royal Jelly (Slime:5)
  Ereshkigal (Tar:7)
  Mnoleg (Pan)
  Dispater (Dis:7)
  4 ancient liches
  4 juggernauts
  The ghost of Yleosh the Archmage, a legendary DEFE of Vehumet (Zot:1)
  29 shard shrikes
  A Killer Klown (Zot:4)
  Saint Roka (Vaults:4)
  Frederick (Vaults:3)
  Xtahua (Crypt:3)
  Geryon (Hell)
  2 caustic shrikes
  4 curse toes
  5 pandemonium lords (Pan)
  8 golden dragons
  Nikola (Depths:1)
  Jory (Crypt:2)
  A profane servitor (Abyss:3)
  39 bone dragons
  18 Brimstone Fiends
  Arachne (Spider:4)
  9 iron giants
  49 Tzitzimimeh
  14 doom hounds
  2 hellephants
  25 tentacled monstrosities
  21 Ice Fiends
  16 Hell Sentinels
  24 liches
  2 deep elf blademasters (Elf:3)
  3 titans
  6 quicksilver dragons
  Asterion (Elf:2)
  A kraken (Shoals:4)
  8 ancient champions
  23 Executioners (Pan)
  17 acid blobs
  23 tentacled starspawn
  17 sphinxes
  4 death cobs
  Frances (Spider:1)
  9 eldritch tentacles
  Agnes (D:14)
  7 tengu reavers
  20 shadow dragons
  2 daevas
  Roxanne (Shoals:1)
  12 azure jellies
  12 storm dragons
  12 fire giants
  Donald (Shoals:3)
  7 draconian monks
  14 frost giants
  13 vault wardens
  5 black suns (Pan)
  11 iron dragons
  18 cacodemons
  2 orc warlords
  9 ghost moths
  8 deep elf sorcerers
  5 draconian scorchers
  7 draconian stormcallers
  14 balrugs
  9 draconian knights
  The ghost of Abury the Thaumaturge, a journeyman GnSk of Makhleb (Spider:4)
  2 warmongers (Pan)
  10 draconian shifters
  Louise (D:14)
  A ghoul (Crypt:3)
  93 reapers
  3 curse skulls
  33 very ugly things
  6 emperor scorpions
  19 ironheart preservers
  A spectral Killer Klown (Zot:1)
  22 war gargoyles
  A spriggan defender (Depths:4)
  5 deep elf elementalists (Elf:3)
  2 elemental wellsprings (Coc:7)
  6 draconian annihilators
  Nessos (D:12)
  2 corrupters (Pan)
  6 entropy weavers
  11 vampire knights
  2 blood saints (Pan)
  44 stone giants
  9 green draconians
  8 deep elf demonologists
  8 deep elf annihilators
  17 white draconians
  7 lorocyprocas
  6 spark wasps
  8 black draconians
  10 yellow draconians
  9 red draconians
  12 purple draconians
  27 blizzard demons
  8 deep elf death magi
  9 ettins
  12 green deaths
  A fire dragon (shapeshifter) (Depths:5)
  A spectral kraken (Tar:7)
  8 death oozes (Slime:5)
  7 eidola
  2 merfolk javelineers (Shoals:4)
  11 quicksilver dragon zombies
  3 crystal guardians (Crypt:3)
  21 fire dragons
  4 merfolk impalers
  Josephine (D:12)
  Erolcha (D:12)
  19 yaktaur captains
  6 jiangshi
  21 ogre magi
  13 great orbs of eyes
  A spectral golden dragon (Zot:1)
  32 vault guards
  A naga warrior (Abyss:2)
  7 monstrous demonspawn (Pan)
  4 deep elf high priests
  43 ice dragons
  Fannar (Lair:2)
  4 quicksilver dragon skeletons
  8 hydras
  12 rakshasas
  10 centaur warriors
  3 spriggan air magi
  3 catoblepae (Lair:6)
  2 hell beasts
  5 ghost crabs
  5 death knights
  An alligator snapping turtle (Shoals:4)
  5 death yaks (Lair:6)
  23 dancing weapons
  47 two-headed ogres
  6 merfolk aquamancers
  37 hell hogs
  A merfolk avatar (Shoals:3)
  5 satyrs
  5 deep troll shamans
  A queen ant (Spider:1)
  9 vampire magi
  4 deep troll earth magi
  Urug (Orc:2)
  17 titan zombies
  6 tengu warriors
  4 orc high priests (Orc:2)
  35 thrashing horrors
  6 spriggan berserkers
  55 soul eaters
  3 spriggans
  6 iron golems (Dis:7)
  8 storm dragon zombies
  22 deep elf knights
  38 sun demons
  Nergalle (D:12)
  10 shadow wraiths
  28 wretched stars
  62 hell knights
  7 titan skeletons
  2 death drakes
  A salamander mystic (Volcano)
  15 iron trolls
  201 skeletal warriors
  10 storm dragon skeletons
  18 deep trolls
  5 gelid demonspawn (Pan)
  6 torturous demonspawn (Pan)
  22 flayed ghosts
  18 sixfirhies
  40 shadow demons
  11 wizards
  5 golden dragon zombies
  3 unseen horrors
  28 anaconda zombies
  An orange crystal statue (Elf:2)
  9 spatial maelstroms
  A quicksilver dragon simulacrum (Tar:6)
  4 infernal demonspawn (Pan)
  8 glowing orange brains
  6 shadow dragon zombies
  A ghost moth zombie (Crypt:2)
  8 sea snakes
  17 orc knights
  26 necromancers
  14 deep elf archers
  10 anaconda skeletons
  A golden dragon skeleton (Geh:5)
  18 phantasmal warriors
  14 ironbrand convokers
  2 kraken simulacra (Coc:7)
  A tengu skeleton (Vaults:3)
  12 harpies
  30 wolf spiders
  A mana viper (shapeshifter) (Depths:1)
  85 deep elf magi
  5 wolf spider zombies
  A mana viper (Abyss:1)
  10 iron dragon zombies
  5 salamanders
  47 ugly things
  14 fauns
  11 orc sorcerers
  30 cyclopes
  A faun (shapeshifter) (Vaults:5)
  10 orb spiders
  8 shining eyes
  A shining eye (shapeshifter) (Depths:3)
  9 iron dragon skeletons
  9 elephants
  13 fire giant zombies
  7 frost giant zombies
  9 dire elephant zombies
  7 shadow dragon skeletons
  7 draconians (Abyss:3)
  5 worldbinders (Abyss:3)
  9 merfolk sirens
  Maurice (D:12)
  9 frost giant skeletons
  27 rust devils
  A moth of wrath (shapeshifter) (Depths:4)
  22 moths of wrath
  11 stone giant skeletons
  25 manticores
  5 ice statues
  6 apocalypse crabs
  11 stone giant zombies
  2 spriggan zombies
  4 black mambas
  12 molten gargoyles
  14 fire giant skeletons
  7 titan simulacra
  5 shock serpent zombies
  16 vault sentinels
  A naga mage (Depths:2)
  The ghost of BreadTh the Poker, a novice HOFE of Beogh (D:4)
  A guardian serpent (Abyss:2)
  3 torpor snails
  3 black mambas (shapeshifter)
  36 smoke demons
  A gargoyle (D:13)
  4 shock serpent skeletons
  5 water nymphs
  A guardian serpent (shapeshifter) (D:15)
  8 spectral swamp worms (Tar:7)
  24 orange demons
  40 hellions
  2 catoblepas zombies
  5 emperor scorpion zombies
  3 eyes of devastation (Pan)
  A rime drake (shapeshifter) (Depths:4)
  5 dire elephant skeletons
  8 spiny frogs
  6 storm dragon simulacra (Coc:7)
  A swamp worm zombie (Crypt:2)
  3 kobold demonologists
  54 tormentors
  A red draconian zombie (Crypt:1)
  49 yaktaurs
  6 komodo dragons
  A minotaur zombie (Tar:7)
  A tengu conjurer (Depths:2)
  10 efreet
  52 freezing wraiths
  7 anaconda simulacra
  31 demonic crawlers
  3 catoblepas skeletons
  A golden dragon simulacrum (Coc:3)
  49 ice devils
  42 red devils
  8 rime drakes
  A spark wasp simulacrum (Depths:2)
  17 ancient zymes
  9 hellwings
  8 silent spectres
  15 trolls
  25 hydra zombies
  A polar bear (shapeshifter) (Vaults:2)
  6 polar bears
  A queen bee (Lair:2)
  40 jumping spiders
  25 merfolk
  A minotaur skeleton (Coc:5)
  6 harpy zombies
  2 merfolk (shapeshifter)
  A shadow dragon simulacrum (Coc:7)
  5 blink frogs
  68 slime creatures
  14 hydra skeletons
  A wind drake (shapeshifter) (Abyss:3)
  5 harpy skeletons
  14 hornets
  A raiju (shapeshifter) (Abyss:3)
  5 ice dragon zombies
  5 bog bodies (Coc:7)
  10 snapping turtles
  A stone giant simulacrum (Hell)
  5 ettin zombies
  7 wind drakes
  Grinder (D:3)
  7 fire dragon zombies
  An iron dragon simulacrum (Coc:5)
  3 dream sheep (Shoals:3)
  A dream sheep (shapeshifter) (Vaults:1)
  71 raiju
  12 alligator zombies
  A blink frog (shapeshifter) (Depths:2)
  A meliai zombie (Crypt:1)
  180 flying skulls
  43 water elementals
  17 hippogriffs
  A snapping turtle (shapeshifter) (Vaults:5)
  2 air elementals
  67 redbacks
  5 black mamba zombies
  17 ettin skeletons
  A vampire (D:13)
  2 tarantellas (shapeshifter)
  A shock serpent simulacrum (Coc:3)
  54 shadows
  63 starcursed masses
  A redback (shapeshifter) (Vaults:5)
  A spriggan (shapeshifter) (Depths:1)
  7 alligator skeletons
  44 yaks
  2 wyverns
  31 ynoxinuls
  A dire elephant simulacrum (Coc:7)
  4 hogs (D:9)
  A hog (shapeshifter) (Abyss:3)
  2 ice dragon skeletons
  6 fire dragon skeletons
  25 tarantellas
  42 wraiths
  A human (D:9)
  A human (shapeshifter) (Depths:2)
  21 fire elementals
  106 large abominations
  4 golden eyes
  5 fire bats
  31 chaos spawn
  4 basilisks
  2 black mamba skeletons
  11 hungry ghosts
  2 steam dragons (Shoals:4)
  A torturous demonspawn zombie (Dis:2)
  36 neqoxecs
  23 spatial vortices
  3 vampire mosquitoes (D:12)
  Menkaure (D:5)
  19 soldier ants (Spider:1)
  A harpy simulacrum (Coc:4)
  4 insubstantial wisps
  A soldier ant (shapeshifter) (Vaults:5)
  11 wargs
  3 nagas
  2 acid dragons
  5 hydra simulacra
  2 merfolk zombies
  Duvessa (D:6)
  A gelid demonspawn skeleton (Tar:4)
  9 water moccasins
  2 floating eyes (Pan)
  11 porcupines
  13 spiny frog zombies
  2 merfolk skeletons
  9 snapping turtle zombies
  A hornet zombie (Crypt:1)
  Purgy (Sewer)
  15 phantoms
  27 ice beasts
  6 black bears (Abyss:3)
  102 hell hounds
  44 orc warriors
  6 manticore zombies
  A sky beast (shapeshifter) (Abyss:3)
  8 spiny frog skeletons
  4 swamp dragon zombies
  5 sky beasts
  6 boggarts
  9 eyes of draining
  2 fire dragon simulacra
  46 ogres
  5 alligator simulacra
  25 centaurs
  46 necrophages
  A manticore skeleton (Geh:1)
  2 elf skeletons
  8 snapping turtle skeletons
  2 swamp dragon skeletons
  46 small abominations
  3 big kobolds
  13 crocodiles
  A rime drake skeleton (Crypt:1)
  17 bullfrogs
  2 elf zombies
  A cyclops zombie (Crypt:2)
  A gnoll sergeant (D:13)
  3 wyvern zombies
  4 spiny frog simulacra
  7 earth elementals
  A wyvern skeleton (D:14)
  Dowan (D:6)
  A troll zombie (Tar:1)
  5 scorpions
  A warg skeleton (Crypt:2)
  33 killer bees
  An elf simulacrum (Vaults:3)
  2 human simulacra
  4 electric eels
  94 wights
  A howler monkey (D:11)
  16 crimson imps
  4 bullfrog skeletons
  2 human zombies
  8 lava snakes (Volcano)
  4 quasits (Abyss:3)
  6 centaur zombies
  8 centaur skeletons
  4 hounds
  19 orc priests
  33 iron imps
  5 jellies
  30 orc wizards
  A black bear skeleton (Crypt:1)
  3 iguanas
  A basilisk skeleton (Crypt:2)
  2 human skeletons
  28 worker ants
  5 hell rats
  A porcupine skeleton (Crypt:1)
  A troll simulacrum (Hell)
  A killer bee zombie (D:8)
  A naga zombie (Tar:6)
  3 hound skeletons
  4 mummies
  2 worker ant zombies
  22 gnolls
  A howler monkey skeleton (D:4)
  14 adders
  A river rat (Lair:2)
  36 shadow imps
  23 white imps
  6 ufetubi
  An adder zombie (D:6)
  An iguana skeleton (Crypt:1)
  A worm (D:3)
  3 dart slugs
  2 leopard geckos
  125 orcs
  7 bats
  A bat skeleton (Crypt:1)
  4 giant cockroaches
  9 goblins
  20 hobgoblins
  13 jackals
  30 kobolds
  5 quokkas
  A ball python skeleton (D:4)
  11 frilled lizards
  A jackal skeleton (Crypt:2)
  2 kobold skeletons
  A kobold zombie (Abyss:3)
  A leopard gecko skeleton (D:6)
  An orc simulacrum (Crypt:1)
  An orc zombie (Coc:4)
  3 quokka skeletons
  4 rats
  3 bushes (Lair:3)
  3 crawling corpses (Elf:3)
  A fire vortex (Geh:7)
  2 fungi
  3 lurking horrors (Abyss:3)
  15 plants
  20 starspawn tentacles
  4 tentacles
5828 creatures vanquished.

Vanquished Creatures (collateral kills)
  Asmodeus (Geh:7)
  Gloorx Vloq (Pan)
  Sojobo (Vaults:3)
  2 shard shrikes (Coc:7)
  A Tzitzimitl (Pan)
  An acid blob (Slime:5)
  A storm dragon (Zot:1)
  2 balrugs
  2 black suns (Pan)
  A fire dragon (Vaults:4)
  A blizzard demon (Pan)
  A hydra (D:14)
  An ice dragon (Coc:7)
  A sun demon (Pan)
  2 skeletal warriors (D:14)
  A sixfirhy (Pan)
  An iron dragon zombie (Geh:7)
  A shadow dragon skeleton (Geh:7)
  An iron dragon skeleton (Geh:7)
  2 rust devils (Dis:7)
  A smoke demon (Abyss:4)
  A tormentor (Coc:7)
  A hydra zombie (Geh:7)
  A slime creature (Slime:5)
  2 flying skulls (Geh:7)
  A large abomination (Abyss:4)
  A wraith (Geh:7)
  A neqoxec (Pan)
  A crimson imp (Abyss:4)
  A centaur zombie (Geh:7)
  A white imp (Abyss:4)
37 creatures vanquished.

Vanquished Creatures (others)
  3 deep elf master archers (Elf:3)
  An ancient champion (Dis:5)
  2 eldritch tentacles
  A shadow dragon (Tar:1)
  A balrug (Geh:7)
  An ogre mage (Depths:2)
  An ice dragon (Coc:7)
  A hell hog (Geh:7)
  A soul eater (Hell)
  A deep elf knight (Elf:2)
  A wretched star (Abyss:4)
  An anaconda skeleton (Abyss:3)
  A necromancer (Hell)
  A shining eye (Abyss:4)
  A cyclops (Abyss:3)
  A frost giant skeleton (Geh:1)
  An apocalypse crab (Abyss:3)
  A demonic crawler (Pan)
  2 yaktaurs
  A red devil (Pan)
  2 water elementals
  2 flying skulls
  A large abomination (Abyss:3)
  A chaos spawn (Abyss:4)
  2 hell hounds (Tar:2)
  A phantom (Coc:1)
  A centaur (Depths:1)
  A wight (Dis:2)
  An iron imp (Dis:7)
  A ball lightning (Vaults:4)
  7 lurking horrors
  2 plants
  28 starspawn tentacles
  10 tentacles
84 creatures vanquished.

Grand Total: 5949 creatures vanquished

Notes
Turn   | Place    | Note
-------+----------+-------------------------------------------
     0 | D:1      | Amplified the Demonspawn Berserker began the quest for the
                  | Orb.
     0 | D:1      | Reached XP level 1. HP: 18/18 MP: 1/1
   165 | D:1      | Gained mutation: You are partially covered in sharp spines.
                  | [demonic ancestry]
   165 | D:1      | Reached XP level 2. HP: 17/24 MP: 2/2
   830 | D:2      | Gained mutation: You are partially covered in thin metallic
                  | scales. (AC +2) [demonic ancestry]
   830 | D:2      | Reached XP level 3. HP: 29/29 MP: 3/3
  1027 | D:2      | Reached ** piety under Trog
  1204 | D:2      | Reached XP level 4. HP: 34/37 MP: 4/4
  1623 | D:3      | Noticed Grinder
  1635 | D:3      | Killed Grinder
  1635 | D:3      | Gained mutation: You are mostly covered in sharp spines.
                  | [demonic ancestry]
  1635 | D:3      | Reached XP level 5. HP: 43/43 MP: 5/5
  1674 | D:3      | Reached XP level 6. HP: 49/49 MP: 6/6
  1746 | D:3      | Noticed an orc warrior
  1755 | D:3      | Killed an orc warrior
  1761 | D:3      | Reached skill level 5 in Fighting
  1765 | D:3      | Reached XP level 7. HP: 56/56 MP: 7/7
  1942 | D:3      | Reached *** piety under Trog
  2289 | D:4      | Found a transporter.
  2304 | D:4      | Got a bloodstained dagger
  2364 | D:4      | Found a transporter.
  2364 | D:4      | Noticed BreadTh's ghost (novice HOFE)
  2539 | D:4      | Reached skill level 5 in Axes
  2628 | D:4      | Found a glowing drain.
  2643 | Sewer    | Entered a sewer
  2727 | Sewer    | Noticed Purgy
  2731 | Sewer    | Killed Purgy
  2934 | D:5      | Entered Level 5 of the Dungeon
  2956 | D:5      | Found a bloodstained altar of Trog.
  3148 | D:5      | Noticed Menkaure
  3161 | D:5      | Killed Menkaure
  3161 | D:5      | Gained mutation: You are completely covered in sharp
                  | spines. [demonic ancestry]
  3161 | D:5      | Reached XP level 8. HP: 25/64 MP: 8/8
  3797 | D:5      | Found Nohaf's Magic Scroll Emporium.
  4403 | D:6      | Found a staircase to the Ecumenical Temple.
  4425 | D:6      | Reached **** piety under Trog
  4498 | D:6      | Noticed Duvessa
  4498 | D:6      | Noticed Dowan
  4514 | D:6      | Killed Duvessa
  4514 | D:6      | Killed Dowan
  4979 | D:7      | Found an ancient bone altar of Kikubaaqudgha.
  4985 | D:7      | Gained mutation: You are slightly more attuned to the
                  | shadows. [demonic ancestry]
  4985 | D:7      | Reached XP level 9. HP: 60/72 MP: 9/9
  5058 | D:7      | Found a flagged portal.
  5100 | Bailey   | Entered a bailey
  5162 | Bailey   | Reached ***** piety under Trog
  5314 | Bailey   | Reached skill level 5 in Armour
  5530 | D:7      | Identified a scroll of acquirement
  5588 | D:7      | Reached skill level 5 in Dodging
  5862 | D:8      | Found the +8 orange crystal plate armour {Archmagi, Int+3
                  | Clar}
  6099 | D:8      | Found a staircase to the Lair.
  6121 | D:8      | Received a gift from Trog
  6143 | D:8      | Gained mutation: You have a pair of small horns on your
                  | head. [demonic ancestry]
  6143 | D:8      | Reached XP level 10. HP: 80/84 MP: 10/10
  6324 | D:8      | Reached skill level 10 in Fighting
  6837 | D:9      | Noticed a two-headed ogre
  6845 | D:9      | Killed a two-headed ogre
  7042 | D:9      | Noticed a two-headed ogre
  7046 | D:9      | Killed a two-headed ogre
  7729 | D:10     | Entered Level 10 of the Dungeon
  7730 | D:10     | Identified the +6 dagger "Osuxeb" {flame, rPois rF- MR+
                  | MP+9} (You found it on level 4 of the Dungeon)
  7783 | D:10     | Killed an unseen horror
  7783 | D:10     | Gained mutation: You have a pair of horns on your head.
                  | [demonic ancestry]
  7783 | D:10     | Reached XP level 11. HP: 82/95 MP: 11/11
  8055 | D:10     | Found Vulaw's Armour Emporium.
  8132 | D:10     | Received a gift from Trog
  8285 | D:10     | Found a shattered altar of Ashenzari.
  8289 | D:10     | Saw a vision of the Shoals and the Spider Nest.
  8289 | D:10     | Noticed a sea snake
  8289 | D:10     | Noticed a wolf spider
  8289 | D:10     | Noticed a wolf spider
  8291 | D:10     | Noticed a wolf spider
  8380 | D:10     | Noticed a two-headed ogre
  8387 | D:10     | Killed a two-headed ogre
  8387 | D:10     | Reached skill level 10 in Axes
  8642 | D:10     | Got a jewelled plate armour
  8685 | D:11     | Found Zuavvethru's Book Shoppe.
  8911 | D:11     | You fall through a shaft!
  8911 | D:12     | Found a staircase to the Orcish Mines.
  8922 | D:12     | Noticed a two-headed ogre
  8928 | D:12     | Noticed Erolcha
  8934 | D:12     | Killed Erolcha
  8986 | D:12     | Killed a two-headed ogre
  9093 | D:12     | Noticed Maurice
  9108 | D:12     | Killed Maurice
  9159 | D:12     | Noticed Nessos
  9167 | D:12     | Gained mutation: You are mostly covered in thin metallic
                  | scales. (AC +3) [demonic ancestry]
  9167 | D:12     | Reached XP level 12. HP: 97/107 MP: 12/12
  9172 | D:12     | Killed Nessos
  9247 | D:12     | Found a roughly hewn altar of Beogh.
  9360 | D:12     | Noticed Josephine
  9384 | D:12     | Killed Josephine
  9432 | D:12     | Noticed Nergalle
  9447 | D:12     | Killed Nergalle
  9511 | D:12     | Found a roughly hewn altar of Beogh.
  9563 | D:12     | Found Xiurph's Weapon Shop.
 10129 | Orc:1    | Entered Level 1 of the Orcish Mines
 10129 | Orc:1    | Found a radiant altar of Vehumet.
 10132 | D:12     | Reached XP level 13. HP: 114/114 MP: 12/20
 10249 | Lair:1   | Entered Level 1 of the Lair of Beasts
 10377 | Lair:1   | Reached ****** piety under Trog
 10437 | Lair:1   | Received a gift from Trog
 10451 | Lair:1   | Got a scorched trident
 10524 | Lair:1   | Identified the +4 plate armour of Inevitability {*Corrode
                  | rC- Int+10} (You found it on level 10 of the Dungeon)
 11202 | Lair:2   | Noticed Fannar
 11209 | Lair:2   | Killed Fannar
 11288 | Lair:1   | Identified the cursed +0 trident of the Desolation of Salt
                  | {vamp, *Contam MP+9 Str+4} (You found it on level 1 of the
                  | Lair of Beasts)
 11310 | Lair:1   | Gained mutation: Armour fits poorly on your strangely
                  | shaped body. [mutagenic glow]
 11327 | Lair:1   | Lost mutation: Armour fits poorly on your strangely shaped
                  | body. [potion of mutation]
 11327 | Lair:1   | Gained mutation: You are dopey. (Int -2) [potion of
                  | mutation]
 11327 | Lair:1   | Gained mutation: Your muscles are strong. (Str +2) [potion
                  | of mutation]
 11327 | Lair:1   | Gained mutation: You are clumsy. (Dex -2) [potion of
                  | mutation]
 11327 | Lair:1   | Gained mutation: You passively map a small area around you.
                  | [potion of mutation]
 11328 | Lair:1   | Lost mutation: You are clumsy. (Dex -2) [potion of
                  | mutation]
 11328 | Lair:1   | Lost mutation: Your muscles are strong. (Str +2) [potion of
                  | mutation]
 11328 | Lair:1   | Lost mutation: You are dopey. (Int -2) [potion of mutation]
 11328 | Lair:1   | Gained mutation: Your mind is acute. (Int +2) [potion of
                  | mutation]
 11328 | Lair:1   | Gained mutation: You expend magic power (3 MP) to
                  | strengthen your wands. [potion of mutation]
 11593 | D:13     | Found a gate to the Vaults.
 11714 | D:13     | Reached skill level 15 in Fighting
 11903 | D:13     | Reached XP level 14. HP: 123/123 MP: 21/21
 12677 | D:5      | Bought a scroll of acquirement for 676 gold pieces
 12838 | D:14     | Received a gift from Trog
 12841 | D:14     | Got a smoking battleaxe {god gift}
 12842 | D:14     | Identified the +12 battleaxe of Pyromania {chop, MR+ Int+4
                  | SInv} (Trog gifted it to you on level 14 of the Dungeon)
 12886 | D:14     | Found a frozen archway.
 12925 | IceCv    | Entered an ice cave
 13280 | D:14     | Noticed Agnes
 13284 | D:14     | Noticed Louise
 13286 | D:14     | Killed Agnes
 13289 | D:14     | Killed Louise
 13390 | D:14     | Found Ijoudiuw's Assorted Antiques.
 13492 | D:14     | Found the +7 Kryia's mail coat {PotionHeal*2 rC+}
 13894 | D:15     | Entered Level 15 of the Dungeon
 13906 | D:15     | Received a gift from Trog
 13977 | D:15     | Found a staircase to the Depths.
 14303 | D:15     | Identified the +8 great sword of Supply {vamp, *Rage
                  | *Corrode rPois Dex+5}
 14971 | Lair:2   | Found a staircase to the Shoals.
 14974 | Lair:2   | Reached XP level 15. HP: 131/131 MP: 22/22
 15010 | Lair:2   | Identified the ring "Saydat" {rPois rC++ Int+2 SInv Stlth-}
 15085 | Lair:2   | Reached skill level 1 in Maces & Flails
 15107 | Lair:2   | Received a gift from Trog
 15649 | Lair:3   | Reached skill level 10 in Armour
 15829 | Lair:3   | Reached skill level 10 in Dodging
 15932 | Lair:3   | Got a brightly glowing scale mail
 15933 | Lair:3   | Identified the +4 scale mail "Hevvial" {rElec MP+9 Dex-5}
                  | (You found it on level 3 of the Lair of Beasts)
 16306 | Lair:4   | Found a hole to the Spider Nest.
 16387 | Lair:4   | Found a dark tunnel.
 16400 | Volcano  | Entered a volcano
 16581 | Volcano  | Found a burning altar of Makhleb.
 16907 | Lair:4   | Received a gift from Trog
 17503 | Lair:5   | Found a viscous altar of Jiyva.
 17503 | Lair:5   | Found a staircase to the Slime Pits.
 17883 | Lair:5   | Found a blossoming altar of Fedhas.
 18102 | Lair:6   | Entered Level 6 of the Lair of Beasts
 19042 | Lair:6   | Received a gift from Trog
 19543 | D:11     | Bought a manual of Dodging for 1324 gold pieces
 19604 | Orc:1    | Noticed an orc warlord
 19609 | Orc:1    | Reached skill level 1 in Shields
 19620 | Orc:1    | Killed an orc warlord
 19763 | Orc:1    | Found Xyaj's Weapon Shoppe.
 19970 | Orc:2    | Entered Level 2 of the Orcish Mines
 19970 | Orc:2    | Found a staircase to the Elven Halls.
 19982 | Orc:2    | Noticed an orc warlord
 19989 | Orc:2    | Gained mutation: You resist negative energy. (rN+) [demonic
                  | ancestry]
 19989 | Orc:2    | Reached XP level 16. HP: 112/141 MP: 23/23
 20242 | Orc:2    | Found Usuunn's Antique Armour Shop.
 20246 | Orc:2    | Noticed Urug
 20253 | Orc:2    | Killed Urug
 20496 | Orc:2    | Found Idghia's Book Shop.
 20496 | Orc:2    | Found Dobrob's Jewellery Emporium.
 20516 | Orc:2    | Found Yskaabank's Assorted Antiques.
 20516 | Orc:2    | Found Zaiwa's Distillery.
 20602 | Orc:2    | Found a runed translucent door.
 20771 | Orc:2    | Found a roughly hewn altar of Beogh.
 21035 | D:4      | Received a gift from Trog
 21035 | D:4      | Killed BreadTh's ghost
 21269 | Spider:1 | Entered Level 1 of the Spider Nest
 21408 | Spider:1 | Reached skill level 5 in Shields
 21427 | Spider:1 | Noticed Frances
 21538 | Shoals:1 | Entered Level 1 of the Shoals
 21902 | Shoals:1 | Identified Roxanne's Tome of Changing
 21902 | Shoals:1 | Noticed Roxanne
 22044 | Shoals:1 | Reached skill level 15 in Axes
 22363 | Shoals:2 | Received a gift from Trog
 23352 | Shoals:3 | Noticed Donald
 23381 | Shoals:3 | Killed Donald
 23387 | Shoals:3 | Gained mutation: You have a pair of large horns on your
                  | head. [demonic ancestry]
 23387 | Shoals:3 | Reached XP level 17. HP: 100/149 MP: 24/24
 23630 | Shoals:3 | Received a gift from Trog
 23986 | Shoals:4 | Entered Level 4 of the Shoals
 24626 | Shoals:4 | Found the +3 warlock's mirror {reflect}
 24833 | Shoals:4 | Noticed a kraken
 24968 | Shoals:4 | Killed a kraken
 24978 | Shoals:4 | Got a barnacled rune of Zot
 25102 | Shoals:1 | Killed Roxanne
 25475 | Elf:1    | Entered Level 1 of the Elven Halls
 25651 | Vaults:1 | Entered Level 1 of the Vaults
 25792 | Vaults:1 | Reached skill level 10 in Shields
 25803 | Vaults:1 | Received a gift from Trog
 25867 | Vaults:1 | Noticed a lich
 25882 | Vaults:1 | Noticed a Hell Sentinel
 25886 | Vaults:1 | Killed a lich
 26269 | Vaults:1 | Gained mutation: You are significantly more attuned to the
                  | shadows. [demonic ancestry]
 26269 | Vaults:1 | Reached XP level 18. HP: 135/158 MP: 25/25
 26274 | Vaults:1 | Received a gift from Trog
 27250 | Vaults:2 | Reached skill level 15 in Dodging
 27443 | Vaults:2 | Received a gift from Trog
 27588 | Vaults:2 | Found a staircase to the Crypt.
 27588 | Vaults:2 | Found an ancient bone altar of Kikubaaqudgha.
 27589 | Vaults:2 | Found a basalt altar of Yredelemnul.
 28862 | Vaults:3 | Received a gift from Trog
 29063 | Vaults:3 | Received a gift from Trog
 29066 | Vaults:3 | Gained mutation: You are somewhat able to resist unholy
                  | torments (1 in 2 success). [demonic ancestry]
 29066 | Vaults:3 | Reached XP level 19. HP: 167/167 MP: 26/26
 29235 | Vaults:3 | Noticed Frederick
 29255 | Vaults:3 | Killed Frederick
 29257 | Vaults:3 | Noticed Sojobo
 29274 | Vaults:3 | Killed Sojobo
 29562 | Vaults:3 | Received a gift from Trog
 29576 | Vaults:3 | Identified the +3 broad axe "Gebur" {chop, rElec rN+++ MR-
                  | Str+2} (Trog gifted it to you on level 3 of the Vaults)
 30078 | Vaults:4 | Paralysed by a sphinx for 5 turns
 30173 | Vaults:4 | Noticed Saint Roka
 30180 | Vaults:4 | Killed Saint Roka
 30185 | Vaults:4 | Received a gift from Trog
 30769 | Vaults:4 | Gained mutation: You are completely attuned to the shadows.
                  | [demonic ancestry]
 30769 | Vaults:4 | Reached XP level 20. HP: 171/176 MP: 27/27
 31068 | Vaults:4 | Reached skill level 15 in Shields
 31074 | Vaults:4 | Received a gift from Trog
 31530 | Crypt:1  | Entered Level 1 of the Crypt
 31951 | Crypt:2  | Found a transporter.
 31993 | Crypt:3  | Entered Level 3 of the Crypt
 31993 | Crypt:3  | Noticed Xtahua
 31994 | Crypt:3  | Paralysed by Xtahua for 3 turns
 32006 | Crypt:3  | Killed Xtahua
 32068 | Crypt:3  | Received a gift from Trog
 32154 | Crypt:3  | Noticed a bone dragon
 32181 | Crypt:3  | Killed a bone dragon
 32244 | Crypt:3  | Paralysed by a vampire knight for 5 turns
 32357 | Crypt:3  | Paralysed by a lich for 3 turns
 32425 | Crypt:3  | Noticed an ancient lich
 32439 | Crypt:3  | Killed an ancient lich
 32469 | Crypt:3  | Found an ancient bone altar of Kikubaaqudgha.
 32507 | Crypt:3  | Identified the Compendium of the Dusty Frostbite
 32870 | Crypt:3  | Identified Sif Muna's Incunabulum of Cloudy Good Luck
 32937 | Crypt:3  | Paralysed by a vampire knight for 6 turns
 33192 | Crypt:3  | Received a gift from Trog
 33198 | Crypt:3  | Gained mutation: You are completely covered in thin
                  | metallic scales. (AC +4, rElec) [demonic ancestry]
 33198 | Crypt:3  | Reached XP level 21. HP: 184/184 MP: 28/28
 33287 | Crypt:3  | Found a staircase to the Tomb.
 33847 | Crypt:2  | Noticed Jory
 33867 | Crypt:2  | Killed Jory
 34312 | Crypt:2  | Found a transporter.
 34313 | Crypt:2  | Found the +6 arbalest "Damnation" {damnation}
 34318 | Crypt:2  | Got a bloodstained chain mail
 34322 | Crypt:2  | Got a warped bone amulet
 34334 | Crypt:2  | Identified the cursed ring "Vaefui" {Dex-3 Stlth+} (You
                  | found it on level 2 of the Crypt)
 34341 | Crypt:2  | Identified the +0 chain mail "Ojiasu" {Stlth+} (You found
                  | it on level 2 of the Crypt)
 34342 | Crypt:2  | Identified the amulet "Zeng" {Acrobat Int+5} (You found it
                  | on level 2 of the Crypt)
 34709 | Crypt:1  | Identified the +3 scale mail "Nodghoeps" {rC+ rN+} (You
                  | found it on level 1 of the Crypt)
 34808 | Crypt:1  | Found a basalt altar of Yredelemnul.
 35427 | Spider:1 | Killed Frances
 35431 | Spider:1 | Received a gift from Trog
 36330 | Spider:2 | Received a gift from Trog
 37579 | Spider:3 | Received a gift from Trog
 38145 | Spider:4 | Entered Level 4 of the Spider Nest
 38260 | Spider:4 | Noticed Arachne
 38272 | Spider:4 | Killed Arachne
 38339 | Spider:4 | Noticed Abury's ghost (journeyman GnSk)
 38369 | Spider:4 | Found the macabre finger necklace {rN+}
 38369 | Spider:4 | Found a runed translucent gate.
 38375 | Spider:4 | Found a runed translucent gate.
 38376 | Spider:4 | Found a runed translucent gate.
 38408 | Spider:4 | Killed Abury's ghost
 38578 | Spider:4 | Received a gift from Trog
 39085 | Spider:4 | Reached XP level 22. HP: 168/194 MP: 16/29
 39355 | Spider:4 | Got a gossamer rune of Zot
 39649 | Elf:1    | Received a gift from Trog
 39653 | Elf:1    | Identified the +10 broad axe of a Gauntlet {flame, +Blink
                  | rElec rF+ Stlth-} (Trog gifted it to you on level 1 of the
                  | Elven Halls)
 39768 | Elf:1    | Reached skill level 1 in Stealth
 40298 | Elf:2    | Found Hiklowy's Assorted Antiques.
 40301 | Elf:2    | Bought a potion of mutation for 288 gold pieces
 40381 | Elf:2    | Got a jewelled cloak
 40382 | Elf:2    | Identified the cursed +0 cloak of the Comet {rPois MR+
                  | Int+4} (You found it on level 2 of the Elven Halls)
 40520 | Elf:2    | Noticed Asterion
 40531 | Elf:2    | Killed Asterion
 40554 | Elf:2    | Reached skill level 5 in Stealth
 40911 | Elf:2    | Received a gift from Trog
 41028 | Elf:2    | Found a runed translucent gate.
 41028 | Elf:2    | Found a runed translucent gate.
 41028 | Elf:2    | Found a runed translucent gate.
 41232 | Elf:3    | Entered Level 3 of the Elven Halls
 41449 | Elf:3    | Found Lolyroy's Antique Weapon Boutique.
 41735 | Elf:3    | Received a gift from Trog
 41752 | Elf:3    | Identified the cursed +1 trident of Rubbish {flame, rC+}
 42131 | Elf:3    | Identified the ring of the Forsaken Yaks {rElec rC++ MR+
                  | MP+9 Int-3}
 42142 | Elf:3    | Identified the +1 leather armour of Elyvilon's Displeasure
                  | {MP+9 Dex+3}
 42144 | Elf:3    | Reached skill level 10 in Stealth
 42346 | Elf:3    | Identified the +5 flail of Trauma {elec, *Corrode rElec rN+
                  | Str+6}
 42372 | Elf:3    | Identified the +0 buckler "Veicw" {rN+ Stlth+} (You
                  | acquired it on level 3 of the Elven Halls)
 42396 | Elf:3    | Identified the Guide on Toxic Good Luck
 42399 | Elf:3    | Identified Sif Muna's Compendium of Glacial Black Magic
 42429 | Elf:3    | Identified Cigotuvi's Collected Works on Sinister Magic and
                  | Shape Shifting
 42456 | Elf:3    | Identified the Handbook of Attacks and Enhancements
 42509 | Elf:3    | Found Ittesiqa's Book Emporium.
 42593 | Elf:3    | Reached skill level 1 in Throwing
 42738 | Orc:2    | Bought a brightly glowing troll leather armour for 540 gold
                  | pieces
 42738 | Orc:2    | Bought a pair of runed gloves for 202 gold pieces
 42738 | Orc:2    | Bought a pair of runed gloves for 202 gold pieces
 42740 | Orc:2    | Identified the cursed +1 troll leather armour "Qoryvod"
                  | {Regen+ Int+2} (You bought it in a shop on level 2 of the
                  | Orcish Mines)
 42820 | Depths:1 | Entered Level 1 of the Depths
 42820 | Depths:1 | Found a gateway to Hell.
 42833 | Depths:1 | Received a gift from Trog
 43085 | Depths:1 | Reached XP level 23. HP: 194/205 MP: 30/30
 43111 | Depths:1 | Noticed a juggernaut
 43132 | Depths:1 | Killed a juggernaut
 43132 | Depths:1 | Reached skill level 5 in Throwing
 43136 | Depths:1 | Received a gift from Trog
 43237 | Depths:1 | Identified Sif Muna's Guide on the Ensnaring Blaze
 43254 | Depths:1 | Got a spiked leather armour
 43255 | Depths:1 | Identified the +1 leather armour of Mirth {Str+3 Dex+4
                  | Stlth-} (You found it on level 1 of the Depths)
 43319 | Depths:1 | Reached skill level 15 in Armour
 43467 | Depths:1 | Found a one-way gate to the infinite horrors of the Abyss.
 43538 | Depths:1 | Noticed Nikola
 43547 | Depths:1 | Killed Nikola
 44237 | Depths:2 | Received a gift from Trog
 44307 | Depths:2 | Identified the Compendium of Ghastly Confrontation
 44331 | Depths:2 | Found a deep blue altar of Sif Muna.
 44404 | Depths:2 | Identified the Tome of Congealing Self-Improvement
 44408 | Depths:2 | Identified the Papyrus of Hadjma
 44421 | Depths:2 | Identified the Catalogue of Creative Shape Shifting
 44423 | Depths:2 | Identified the Tome of Translocation
 44450 | Depths:2 | Received a gift from Trog
 44620 | Depths:2 | Identified the Collected Works on Contamination and
                  | Talismans
 44742 | Depths:2 | Identified the Grimoire of the Birds and Transformation
 44922 | Depths:2 | Found Pivuezxa's Assorted Antiques.
 44925 | Depths:2 | Bought a slimy plate armour for 784 gold pieces
 44925 | Depths:2 | Identified the +6 plate armour "Ashroeta" {rC++ Int+4
                  | Dex+6} (You bought it in a shop on level 2 of the Depths)
 45002 | Depths:2 | Identified the Grimoire of Warped Envenoming
 45353 | Depths:2 | Found a one-way gate leading to the halls of Pandemonium.
 45726 | Depths:3 | Reached skill level 10 in Throwing
 45779 | Depths:3 | Found a runed translucent door.
 45869 | Depths:3 | Received a gift from Trog
 45885 | Depths:3 | Reached XP level 24. HP: 214/214 MP: 30/30
 46305 | Depths:3 | Noticed a juggernaut
 46318 | Depths:3 | Killed a juggernaut
 46587 | Depths:3 | Received a gift from Trog
 46594 | Depths:3 | Gained mutation: You are weak. (Str -2) [a shining eye]
 46628 | Depths:3 | Found the +5 demon whip "Spellbinder" {antimagic, MR+}
 46660 | Depths:3 | Lost mutation: You expend magic power (3 MP) to strengthen
                  | your wands. [potion of mutation]
 46660 | Depths:3 | Lost mutation: You are weak. (Str -2) [potion of mutation]
 46660 | Depths:3 | Lost mutation: You passively map a small area around you.
                  | [potion of mutation]
 46660 | Depths:3 | Gained mutation: You have sharp toenails. [potion of
                  | mutation]
 46660 | Depths:3 | Gained mutation: You are robust. (+10% HP) [potion of
                  | mutation]
 46799 | Depths:4 | Received a gift from Trog
 47311 | Depths:4 | Got a flickering wooden ring
 47313 | Depths:4 | Identified the ring "Hiynogeu" {+Fly rC- Str+7} (You found
                  | it on level 4 of the Depths)
 47371 | Depths:4 | Found a gateway to a ziggurat.
 47486 | Depths:4 | Received a gift from Trog
 48063 | Depths:4 | Received a gift from Trog
 48289 | Depths:5 | Entered Level 5 of the Depths
 48312 | Depths:5 | Noticed a juggernaut
 48326 | Depths:5 | Killed a juggernaut
 48457 | Depths:5 | Reached XP level 25. HP: 193/247 MP: 30/30
 48597 | Depths:5 | Found a gate to the Realm of Zot.
 48745 | Depths:5 | Noticed a juggernaut
 48759 | Depths:5 | Killed a juggernaut
 49133 | Depths:5 | Found Utakiori's Jewellery Shoppe.
 49133 | Depths:5 | Found Ysiwul's Jewellery Shoppe.
 49134 | Depths:5 | Found Hoir's Gadget Boutique.
 49140 | Depths:5 | Bought a wand of acid (8) for 384 gold pieces
 49150 | Depths:5 | Bought an uncursed ring of resist corrosion for 300 gold
                  | pieces
 49693 | Vaults:5 | Entered Level 5 of the Vaults
 49747 | Vaults:5 | Received a gift from Trog
 49778 | Vaults:5 | Received a gift from Trog
 49837 | Vaults:5 | Got a silver rune of Zot
 49865 | Vaults:5 | Identified the +1 spear "Gram" {pierce, *Drain rF+++ MR-
                  | Dex+5}
 49946 | Vaults:5 | Received a gift from Trog
 50006 | Vaults:5 | Received a gift from Trog
 50163 | Vaults:5 | Identified the Reference Book on Dislocation and Fire
 50178 | Vaults:5 | Got a vibrating gossamer ring
 50220 | Vaults:5 | Identified the ring "Haime Cyu" {rCorr Dex+4 SInv} (You
                  | found it on level 5 of the Vaults)
 50688 | Vaults:5 | Received a gift from Trog
 50688 | Vaults:5 | Reached skill level 15 in Stealth
 50704 | Vaults:5 | Reached XP level 26. HP: 216/259 MP: 30/30
 51251 | Vaults:5 | Identified the cursed +3 hand crossbow of Subterfuge
                  | {flame, Str+3}
 51251 | Vaults:5 | Identified the ring of Ehirhusch {+Fly Dex+2}
 51925 | Slime:1  | Entered Level 1 of the Pits of Slime
 52042 | Slime:3  | Gained mutation: You passively map a small area around you.
                  | [a shining eye]
 52048 | Slime:3  | Received a gift from Trog
 52153 | Slime:5  | Entered Level 5 of the Pits of Slime
 52243 | Slime:5  | Gained mutation: You are clumsy. (Dex -2) [a shining eye]
 52247 | Slime:5  | Noticed the Royal Jelly
 52256 | Slime:5  | Killed the Royal Jelly
 52354 | Slime:5  | Gained mutation: Your muscles are strong. (Str +2) [a
                  | shining eye]
 52394 | Slime:5  | Identified the +2 pair of gloves of the Catamount {rElec
                  | MR+ Slay+2} (You found it on level 5 of the Pits of Slime)
 52461 | Slime:5  | Got a slimy rune of Zot
 52466 | Slime:5  | Identified the Reference Book on Sinister Rituals and
                  | Arcane Weapons
 52491 | Slime:5  | Got a scintillating emerald amulet
 52492 | Slime:5  | Identified the amulet of Midwinter {Acrobat rF+ Str+3} (You
                  | found it on level 5 of the Pits of Slime)
 52517 | Slime:5  | Identified the +1 leather armour of Dadai {*Slow rPois
                  | Dex+6} (You found it on level 5 of the Pits of Slime)
 52997 | Temple   | Entered the Ecumenical Temple
 53195 | Temple   | Fell from the grace of Trog
 53195 | Temple   | Became a worshipper of Makhleb the Destroyer
 53425 | Depths:1 | Voluntarily entered the Abyss.
 53539 | Abyss:2  | Learned a level 8 spell: Necromutation
 53702 | Abyss:3  | Reached skill level 1 in Spellcasting
 53715 | Abyss:3  | Reached skill level 10 in Invocations
 53840 | Abyss:3  | Paralysed by accursed screaming for 1 turns
 53883 | Abyss:3  | Reached * piety under Makhleb
 54018 | Abyss:3  | Learned a level 2 spell: Blink
 54021 | Abyss:3  | Learned a level 2 spell: Passwall
 54025 | Abyss:3  | Learned a level 3 spell: Spectral Weapon
 54075 | Abyss:3  | Found a transporter.
 54167 | Abyss:3  | Reached ** piety under Makhleb
 54175 | Abyss:3  | Found a transporter.
 54180 | Abyss:3  | Got an abyssal rune of Zot
 54440 | Depths:1 | Escaped the Abyss
 54596 | Depths:1 | Voluntarily entered the Abyss.
 54717 | Abyss:1  | Paralysed by accursed screaming for 1 turns
 54731 | Abyss:1  | Reached *** piety under Makhleb
 54808 | Abyss:1  | Found a corrupted altar of Lugonu.
 54917 | Abyss:1  | Found a corrupted altar of Lugonu.
 54964 | Abyss:1  | Reached skill level 5 in Spellcasting
 54980 | Abyss:1  | Reached skill level 1 in Hexes
 54989 | Abyss:1  | Reached skill level 1 in Charms
 55118 | Abyss:1  | Reached **** piety under Makhleb
 55120 | Abyss:1  | Identified the +8 chain mail of Ovveisa {Str+3 SInv} (You
                  | found it on level 1 of the Abyss)
 55162 | Abyss:1  | Gained mutation: You have razor-sharp toenails. [a neqoxec]
 55225 | Abyss:1  | Gained mutation: Your melee attacks may debilitate your
                  | foes. [demonic ancestry]
 55225 | Abyss:1  | Reached XP level 27. HP: 268/268 MP: 31/31
 55334 | Abyss:1  | Learned a level 5 spell: Dispel Undead
 55341 | Abyss:1  | Learned a level 6 spell: Deflect Missiles
 55771 | Abyss:2  | Found a corrupted altar of Lugonu.
 55897 | Abyss:2  | Reached ***** piety under Makhleb
 56002 | Abyss:2  | Found a corrupted altar of Lugonu.
 56027 | Abyss:2  | Found a corrupted altar of Lugonu.
 56047 | Abyss:3  | Found a corrupted altar of Lugonu.
 56183 | Abyss:3  | Found a sacrificial altar of Ru.
 56230 | Abyss:3  | Identified the +8 rapier of Bloodstone {elec, rN+ Int+4
                  | Dex-5 SInv}
 56243 | Abyss:3  | Gained mutation: Your magical capacity is low. (-10% MP) [a
                  | neqoxec]
 56630 | Abyss:3  | Reached skill level 5 in Hexes
 56879 | Abyss:3  | Reached skill level 5 in Charms
 56927 | Abyss:3  | Paralysed by accursed screaming for 1 turns
 57172 | Abyss:3  | Gained mutation: You are very clumsy. (Dex -4) [a neqoxec]
 57175 | Abyss:3  | Lost mutation: Your muscles are strong. (Str +2) [a
                  | neqoxec]
 57213 | Abyss:3  | Reached ****** piety under Makhleb
 57246 | Abyss:3  | Gained mutation: Your body often deteriorates upon taking
                  | damage. [a neqoxec]
 57373 | Abyss:3  | Got a translucent chain mail
 57722 | Abyss:3  | Gained mutation: You are weak. (Str -2) [a shining eye]
 58486 | Abyss:3  | Gained mutation: Your spells are a little easier to cast,
                  | but a little less powerful. [a neqoxec]
 58537 | Abyss:3  | Reached skill level 27 in Fighting
 58750 | Abyss:3  | Found a roughly hewn altar of Beogh.
 58781 | Abyss:3  | Identified the +1 chain mail of the Slug {Dex+6} (You found
                  | it on level 3 of the Abyss)
 59386 | Abyss:3  | Reached skill level 10 in Spellcasting
 59491 | Abyss:3  | Paralysed by accursed screaming for 1 turns
 59585 | Abyss:3  | Paralysed by Trog for 2 turns
 60282 | Abyss:3  | Found an iron altar of Okawaru.
 60447 | Abyss:3  | Found a shimmering altar of Xom.
 60447 | Abyss:3  | Found a shimmering altar of Xom.
 60447 | Abyss:3  | Found a shimmering altar of Xom.
 60448 | Abyss:3  | Found a shimmering altar of Xom.
 60448 | Abyss:3  | Found a shimmering altar of Xom.
 60448 | Abyss:3  | Found a shimmering altar of Xom.
 60449 | Abyss:3  | Found a corrupted altar of Lugonu.
 60449 | Abyss:3  | Found a shimmering altar of Xom.
 60503 | Abyss:3  | Found a shimmering altar of Xom.
 60517 | Abyss:3  | Found a shimmering altar of Xom.
 60543 | Abyss:3  | Found a sacrificial altar of Ru.
 61838 | Abyss:4  | Gained mutation: You are very robust. (+20% HP) [a neqoxec]
 62043 | Abyss:4  | Paralysed by accursed screaming for 1 turns
 62045 | Abyss:5  | Entered Level 5 of the Abyss
 62045 | Abyss:5  | Entered Level 5 of the Abyss
 62059 | Abyss:5  | Found a corrupted altar of Lugonu.
 62111 | Abyss:5  | Was forgiven by Trog
 62331 | Abyss:5  | Paralysed by you for 6 turns
 62352 | Depths:1 | Escaped the Abyss
 62785 | Zot:1    | Entered Level 1 of the Realm of Zot
 62818 | Zot:1    | Reached skill level 15 in Spellcasting
 62834 | Zot:1    | Lost mutation: Your magical capacity is low. (-10% MP)
                  | [potion of mutation]
 62834 | Zot:1    | Lost mutation: You have razor-sharp toenails. [potion of
                  | mutation]
 62834 | Zot:1    | Lost mutation: You are weak. (Str -2) [potion of mutation]
 62834 | Zot:1    | Lost mutation: Your body sometimes deteriorates upon taking
                  | damage. [potion of mutation]
 62834 | Zot:1    | Lost mutation: You are very clumsy. (Dex -4) [potion of
                  | mutation]
 62834 | Zot:1    | Gained mutation: You are somewhat resistant to further
                  | mutation. [potion of mutation]
 62888 | Zot:1    | Reached skill level 1 in Necromancy
 62945 | Zot:1    | Reached skill level 1 in Air Magic
 63137 | Zot:1    | Found a transporter.
 63137 | Zot:1    | Noticed Yleosh's ghost (legendary DEFE)
 63157 | Zot:1    | Found a transporter.
 63226 | Zot:1    | Reached skill level 5 in Necromancy
 63236 | Zot:1    | Killed Yleosh's ghost
 64025 | Zot:2    | Reached skill level 5 in Air Magic
 64906 | Zot:3    | Learned a level 6 spell: Iron Shot
 64945 | Zot:3    | Reached skill level 1 in Conjurations
 64945 | Zot:3    | Reached skill level 1 in Earth Magic
 65406 | Zot:3    | Reached skill level 5 in Conjurations
 65456 | Zot:3    | Reached skill level 5 in Earth Magic
 67017 | Zot:5    | Entered Level 5 of the Realm of Zot
 67156 | Hell     | Entered the Vestibule of Hell
 67170 | Hell     | Noticed Geryon
 67368 | Hell     | Killed Geryon
 67417 | Hell     | Found a gateway to the decaying netherworld of Tartarus.
 67502 | Hell     | Found a gateway to the ashen valley of Gehenna.
 67567 | Hell     | Reached skill level 10 in Conjurations
 67610 | Hell     | Found a gateway to the Iron City of Dis.
 67744 | Hell     | Found a gateway to the freezing wastes of Cocytus.
 67982 | Coc:1    | Entered Level 1 of Cocytus
 68380 | Coc:1    | Reached skill level 10 in Earth Magic
 72437 | Coc:7    | Entered Level 7 of Cocytus
 72990 | Coc:7    | Reached skill level 10 in Charms
 73326 | Coc:7    | Identified the +1 great sword "Pekaim" {slice, rN++}
 73326 | Coc:7    | Noticed Antaeus
 73659 | Coc:7    | Killed Antaeus
 73673 | Coc:7    | Got an icy rune of Zot
 73676 | Coc:7    | Identified Sif Muna's Handbook of Ensnaring Shape Shifting
 73947 | Tar:1    | Entered Level 1 of Tartarus
 74128 | Tar:1    | Reached skill level 10 in Air Magic
 75540 | Tar:3    | Found a huge runed gate.
 75540 | Tar:3    | Found a huge runed gate.
 75540 | Tar:3    | Found a huge runed gate.
 75540 | Tar:3    | Found a huge runed gate.
 75540 | Tar:3    | Found a huge runed gate.
 75540 | Tar:3    | Found a huge runed gate.
 75540 | Tar:3    | Found a huge runed gate.
 75540 | Tar:3    | Found a huge runed gate.
 75544 | Tar:3    | Found a huge runed gate.
 75544 | Tar:3    | Found a huge runed gate.
 75544 | Tar:3    | Found a huge runed gate.
 75544 | Tar:3    | Found a huge runed gate.
 76193 | Tar:3    | Reached skill level 15 in Throwing
 76383 | Tar:3    | Found a huge runed gate.
 76383 | Tar:3    | Found a huge runed gate.
 76383 | Tar:3    | Found a huge runed gate.
 76384 | Tar:3    | Found a huge runed gate.
 76385 | Tar:3    | Found a huge runed gate.
 76420 | Tar:3    | Noticed an ancient lich
 76420 | Tar:3    | Noticed an ancient lich
 76421 | Tar:3    | Noticed an ancient lich
 76430 | Tar:3    | Killed an ancient lich
 76443 | Tar:3    | Killed an ancient lich
 76457 | Tar:3    | Killed an ancient lich
 77419 | Tar:4    | Gained mutation: Your body sometimes deteriorates upon
                  | taking damage. [mutagenic glow]
 77458 | Tar:4    | Gained mutation: Your body often deteriorates upon taking
                  | damage. [mutagenic glow]
 77511 | Tar:5    | Gained mutation: Armour fits poorly on your strangely
                  | shaped body. [mutagenic glow]
 77968 | Tar:5    | Reached skill level 10 in Necromancy
 78076 | Tar:5    | Lost mutation: Armour fits poorly on your strangely shaped
                  | body. [potion of mutation]
 78076 | Tar:5    | Lost mutation: You are somewhat resistant to further
                  | mutation. [potion of mutation]
 78076 | Tar:5    | Lost mutation: You are very robust. (+20% HP) [potion of
                  | mutation]
 78076 | Tar:5    | Lost mutation: You are robust. (+10% HP) [potion of
                  | mutation]
 78076 | Tar:5    | Gained mutation: You expend magic power (3 MP) to
                  | strengthen your wands. [potion of mutation]
 78664 | Tar:6    | Reached skill level 1 in Transmutations
 79280 | Tar:6    | Reached skill level 1 in Translocations
 79591 | Tar:7    | Entered Level 7 of Tartarus
 79853 | Tar:7    | Reached skill level 5 in Translocations
 80917 | Tar:7    | Got a crude silver ring
 80918 | Tar:7    | Identified the ring "Zafopp" {Wiz rF+ Int+2} (You found it
                  | on level 7 of Tartarus)
 80999 | Tar:7    | Reached skill level 10 in Translocations
 81840 | Tar:7    | Noticed Ereshkigal
 81863 | Tar:7    | Killed Ereshkigal
 81900 | Tar:7    | Identified Hukkut's Reference Book on Shifting Beguiling
 81909 | Tar:7    | Got a bone rune of Zot
 82345 | D:11     | Bought a book of the Warp for 1080 gold pieces
 82353 | D:11     | Learned a level 5 spell: Borgnjor's Vile Clutch
 82362 | D:11     | Learned a level 8 spell: Controlled Blink
 82409 | D:11     | Bought a book of the Sky for 780 gold pieces
 82419 | D:11     | Learned a level 9 spell: Tornado
 82635 | Depths:5 | Bought the ring of Pamis {rPois rF+ rC+ Str-2 Stlth+} for
                  | 794 gold pieces
 82693 | Geh:1    | Entered Level 1 of Gehenna
 84297 | Geh:3    | You fall through a shaft for 2 floors!
 84702 | Geh:7    | Entered Level 7 of Gehenna
 84702 | Geh:7    | Identified the +7 sceptre of Asmodeus
 84702 | Geh:7    | Noticed Asmodeus
 84747 | Geh:7    | Killed Asmodeus
 84861 | Geh:7    | Got a pitted cloak
 84902 | Geh:7    | Identified the +2 cloak "Anueppuy" {rC- rN+ Dex+3} (You
                  | found it on level 7 of Gehenna)
 84951 | Geh:7    | Identified the Disquisition on Attacks
 84959 | Geh:7    | Got a warped ring mail
 84972 | Geh:7    | Identified the cursed +1 ring mail of Gyibe {Dex+4} (You
                  | found it on level 7 of Gehenna)
 85019 | Geh:7    | Got an obsidian rune of Zot
 85033 | Geh:7    | Got a shimmering cloak
 85044 | Geh:7    | Identified the cursed +0 cloak of Duty {*Corrode rF+ Regen+
                  | Int+2} (You found it on level 7 of Gehenna)
 85133 | Geh:7    | Got a serpentine lead ring
 85135 | Geh:7    | Identified the ring of Jymolawn {+Fly Int+5} (You found it
                  | on level 7 of Gehenna)
 85306 | Geh:7    | Identified the +4 scale mail "Opuis" {Str+2 Dex+3}
 85317 | Geh:7    | Identified An Introduction to Witchery
 86147 | Dis:1    | Entered Level 1 of the Iron City of Dis
 86803 | Dis:2    | Reached skill level 15 in Translocations
 88371 | Dis:7    | Entered Level 7 of the Iron City of Dis
 88589 | Dis:7    | Identified the +4 staff of Dispater
 88589 | Dis:7    | Noticed Dispater
 88612 | Dis:7    | Killed Dispater
 88619 | Dis:7    | Got an iron rune of Zot
 88660 | Dis:7    | Identified the ring "Lovus" {*Slow rPois MR+ Stlth+}
 90134 | Pan      | Entered Pandemonium
 90300 | Pan      | Noticed Sooq the pandemonium lord
 90307 | Pan      | Killed Sooq the pandemonium lord
 90408 | Pan      | Gained mutation: Your spells are easier to cast, but less
                  | powerful. [a neqoxec]
 91389 | Pan      | Gained mutation: Your magical capacity is low. (-10% MP) [a
                  | neqoxec]
 91441 | Pan      | Noticed Miymivy the pandemonium lord
 91459 | Pan      | Killed Miymivy the pandemonium lord
 91685 | Pan      | Found an exit through the horrors of the Abyss.
 91787 | Pan      | Gained mutation: Your mind is very acute. (Int +4) [a
                  | cacodemon]
 91908 | Pan      | Lost mutation: Your magical capacity is low. (-10% MP) [a
                  | neqoxec]
 91927 | Pan      | Got a scorched chain mail
 91928 | Pan      | Identified the +0 chain mail "Ukuc" {*Slow Regen+ Str+4
                  | Dex+5} (You found it in Pandemonium)
 92203 | Pan      | Found a transporter.
 92259 | Pan      | Found a transporter.
 92347 | Pan      | Identified Sif Muna's Incunabulum of Displaced Flames
 92351 | Pan      | Identified the ring "Eziono" {rF++ Str+5 Int+4} (You found
                  | it in Pandemonium)
 92403 | Pan      | Identified the +2 pair of gloves of Sloth {rElec Str-2
                  | Int-5 Dex+9} (You found it in Pandemonium)
 92440 | Pan      | Found an exit through the horrors of the Abyss.
 92866 | Pan      | Noticed Wocushra the pandemonium lord
 92879 | Pan      | Killed Wocushra the pandemonium lord
 92882 | Pan      | Lost mutation: Your mind is very acute. (Int +4) [a
                  | cacodemon]
 92916 | Pan      | Reached skill level 15 in Air Magic
 93403 | Pan      | Noticed Cuch the pandemonium lord
 93421 | Pan      | Killed Cuch the pandemonium lord
 93722 | Pan      | Entered the realm of Gloorx Vloq.
 94209 | Pan      | Noticed Gloorx Vloq
 94222 | Pan      | Killed Gloorx Vloq
 94232 | Pan      | Got a dark rune of Zot
 94294 | Pan      | Learned a level 9 spell: Fire Storm
 94869 | Pan      | Entered the realm of Mnoleg.
 94940 | Pan      | Gained mutation: Scrolls take you a little longer to read.
                  | [a shining eye]
 94945 | Pan      | Gained mutation: Scrolls take you longer to read. [a
                  | neqoxec]
 94952 | Pan      | Gained mutation: You tend to lose your temper in combat. [a
                  | cacodemon]
 95000 | Pan      | Gained mutation: You are weak. (Str -2) [a cacodemon]
 95048 | Pan      | Noticed Mnoleg
 95050 | Pan      | Gained mutation: You are occasionally teleported next to
                  | monsters. [a cacodemon]
 95052 | Pan      | Gained mutation: You are very clumsy. (Dex -4) [a
                  | cacodemon]
 95095 | Pan      | Killed Mnoleg
 95095 | Pan      | Reached skill level 27 in Spellcasting
 95097 | Pan      | Lost mutation: Your mind is acute. (Int +2) [a neqoxec]
 95115 | Pan      | Got a glowing rune of Zot
 95178 | Pan      | Gained mutation: You are very weak. (Str -4) [a neqoxec]
 95213 | Pan      | Lost mutation: You are very clumsy. (Dex -4) [potion of
                  | mutation]
 95213 | Pan      | Lost mutation: You expend magic power (3 MP) to strengthen
                  | your wands. [potion of mutation]
 95213 | Pan      | Lost mutation: You passively map a small area around you.
                  | [potion of mutation]
 95213 | Pan      | Lost mutation: You are clumsy. (Dex -2) [potion of
                  | mutation]
 95213 | Pan      | Gained mutation: You expend magic power (3 MP) to
                  | strengthen your wands. [potion of mutation]
 95214 | Pan      | Lost mutation: Scrolls take you longer to read. [potion of
                  | mutation]
 95214 | Pan      | Lost mutation: You expend magic power (3 MP) to strengthen
                  | your wands. [potion of mutation]
 95214 | Pan      | Lost mutation: Your body often deteriorates upon taking
                  | damage. [potion of mutation]
 95214 | Pan      | Lost mutation: You have sharp toenails. [potion of
                  | mutation]
 95214 | Pan      | Lost mutation: Scrolls take you a little longer to read.
                  | [potion of mutation]
 95214 | Pan      | Gained mutation: Scrolls take you a little longer to read.
                  | [potion of mutation]
 95214 | Pan      | Lost mutation: You tend to lose your temper in combat.
                  | [potion of mutation]
 95217 | Pan      | Noticed Uteadoef the pandemonium lord
 95229 | Pan      | Gained mutation: You are frail. (-10% HP) [a cacodemon]
 95265 | Pan      | Killed Uteadoef the pandemonium lord
 95280 | Pan      | Lost mutation: Your body sometimes deteriorates upon taking
                  | damage. [potion of mutation]
 95280 | Pan      | Lost mutation: You are very weak. (Str -4) [potion of
                  | mutation]
 95280 | Pan      | Lost mutation: You are weak. (Str -2) [potion of mutation]
 95280 | Pan      | Lost mutation: You are frail. (-10% HP) [potion of
                  | mutation]
 95280 | Pan      | Gained mutation: Your mind is acute. (Int +2) [potion of
                  | mutation]
 95280 | Pan      | Gained mutation: You are robust. (+10% HP) [potion of
                  | mutation]
 95284 | Pan      | Gained mutation: You occasionally shout uncontrollably at
                  | your foes. [a cacodemon]
 95287 | Pan      | Blown up by a cacodemon

Skill      XL: |  1  2  3  4  5  6  7  8  9 10 11 12 13 14 15 16 17 18 19 20 21 22 23 24 25 26 27 |
---------------+----------------------------------------------------------------------------------+-----
Axes           | 3 4 5 6 8 9 10 11 12 13 14 15 16 17 18 20 | 20.1
Armour         | 2 3 4 5 6 7 8 9 10 11 12 13 14 16 19 21 26 | 26.3
Dodging        | 2 3 4 5 6 7 8 9 10 12 14 15 16 18 | 18.2
Fighting       | 4 5 6 7 9 12 14 15 16 17 18 19 20 21 22 23 24 25 27 | 27.0
Invocations    | 9 11 | 11.8
Maces & Flails | 3 |  3.3
Shields        | 2 7 10 13 14 15 | 15.7
Stealth        | 11 13 15 17 | 17.8
Throwing       | 3 10 11 16 | 16.4
Spellcasting   | 5 27 | 27.0
Hexes          | 2 6 |  6.3
Charms         | 1 13 | 13.9
Necromancy     | 12 | 12.1
Air Magic      | 16 | 16.3
Conjurations   | 13 | 13.8
Earth Magic    | 12 | 12.8
Transmutations | 3 |  3.4
Translocations | 18 | 18.2

Action                   |  1- 3 |  4- 6 |  7- 9 | 10-12 | 13-15 | 16-18 | 19-21 | 22-24 | 25-27 || total
-------------------------+-------+-------+-------+-------+-------+-------+-------+-------+-------++-------
Melee: Hand axe          |    88 |    54 |   284 |   416 |   256 |       |       |       |       ||  1098
       Headbutt          |       |       |       |    95 |   175 |   201 |   368 |   351 |  3718 ||  4908
       Battleaxe         |       |       |       |       |   508 |  1015 |   814 |    35 |       ||  2372
       Broad axe         |       |       |       |       |    11 |       |   557 |  1331 | 11318 || 13217
       Eveningstar       |       |       |       |       |     6 |       |       |       |       ||     6
Throw: Throwing net      |       |       |       |       |     2 |       |     3 |     1 |     4 ||    10
 Cast: Blink             |       |       |       |       |       |       |       |       |     2 ||     2
       Iron Shot         |       |       |       |       |       |       |       |       |    44 ||    44
       Deflect Missiles  |       |       |       |       |       |       |       |       |     6 ||     6
       Spectral Weapon   |       |       |       |       |       |       |       |       |     2 ||     2
       Controlled Blink  |       |       |       |       |       |       |       |       |     1 ||     1
Invok: Berserk           |     2 |     1 |     3 |     5 |    12 |     7 |    11 |     3 |     2 ||    46
       Trog's Hand       |       |     1 |     1 |     4 |     5 |    15 |     7 |     8 |     4 ||    45
       Brothers in Arms  |       |       |       |       |     1 |       |     3 |       |     1 ||     5
       Greater Servant o |       |       |       |       |       |       |       |       |    18 ||    18
Evoke: Wand              |       |       |     7 |     2 |     2 |     7 |     6 |       |     4 ||    28
       Lightning rod     |       |       |       |       |     2 |       |       |       |       ||     2
  Use: Scroll            |     4 |     5 |    12 |     8 |    21 |    10 |    10 |    26 |    35 ||   131
       Potion            |       |     2 |     3 |     2 |     3 |     8 |     8 |     5 |    48 ||    79
 Stab: Paralysed         |       |       |     4 |       |       |       |       |       |     1 ||     5
       Petrifying        |       |       |       |       |     1 |       |       |       |       ||     1
       Invisible         |       |       |       |       |       |     1 |    12 |       |    91 ||   104
       Distracted        |       |       |       |       |       |       |     2 |     1 |    76 ||    79
       Held in net/web   |       |       |       |       |       |       |     2 |       |     6 ||     8
       Sleeping          |       |       |       |       |       |       |       |       |    59 ||    59
       Petrified         |       |       |       |       |       |       |       |       |     2 ||     2
       Confused          |       |       |       |       |       |       |       |       |     1 ||     1
  Eat: Chunk             |     3 |     2 |     9 |    22 |    21 |    10 |    14 |    17 |    27 ||   125
       Ration            |       |       |     3 |       |     8 |    10 |    10 |     6 |    43 ||    80
Armor: Chain mail        |    78 |    28 |   128 |       |       |       |       |       |       ||   234
       Crystal plate arm |       |       |    41 |   356 |   738 |   971 |   913 |   534 |  4031 ||  7584
Dodge: Dodged            |    51 |    12 |    99 |    78 |   266 |   438 |   640 |   436 |  3674 ||  5694
       Deflected         |       |       |       |       |       |       |       |       |    44 ||    44
Block: Shield            |       |       |       |       |       |       |   257 |   901 |  8005 ||  9163
       Reflection        |       |       |       |       |       |       |     2 |    94 |    90 ||   186
